 Dungeon Crawl Stone Soup version 0.26.1-11-gd32895ea62 (webtiles) character file.

Game seed: 8992780206133590588

14828 H0rd4k the Martial Artist (level 12, -9/77 HPs)
             Began as an Octopode Transmuter on June 23, 2021.
             Was an Initiate of Gozag.
             Mangled by a catoblepas (27 damage)
             ... on level 3 of the Lair of Beasts.
             The game lasted 00:26:37 (14150 turns).

H0rd4k the Martial Artist (Octopode Transmuter)    Turns: 14150, Time: 00:26:38

Health: -9/77      AC:  2    Str: 17    XL:     12   Next: 20%
Magic:  30/34      EV: 29    Int: 21    God:    Gozag
Gold:   1466       SH:  0    Dex: 17    Spells: 3/25 levels left

rFire    . . .     SeeInvis .     - Unarmed
rCold    . . .     Faith    .   (shield currently unavailable)
rNeg     . . .     Spirit   .   (helmet currently unavailable)
rPois    .         Reflect  .   l - amulet of regeneration
rElec    .         Harm     .   e - +6 ring of strength
rCorr    +         Rampage  .   m - ring of resist corrosion
Will     .....     Clarity  +   p - ring of magical power
Stlth    +++.......             y - +4 ring of evasion
HPRegen  0.62/turn              L - ring of poison resistance
MPRegen  0.24/turn              (no ring)
                                (no ring)
                                (no ring)

@: spider-form, gold aura, very slightly contaminated
A: tiny, almost no armour, stealthy swim, (amphibious), 8 rings, (constrict 8),
clarity, clever 1, high mp 1
a: End Transformation, Renounce Religion, Potion Petition, Call Merchant, Bribe
Branch


You were on level 3 of the Lair of Beasts.
You worshipped Gozag.
Gozag was most pleased with you.
You were a venomous arachnid creature.
You visited 3 branches of the dungeon, and saw 14 of its levels.
You also visited: Sewer.

You collected 3131 gold pieces.
You spent 756 gold pieces at shops.
You paid 909 gold pieces to Gozag.

Inventory:

Missiles
 z - 7 curare-tipped darts
 C - 42 poisoned darts
 M - 6 datura-tipped darts
Armour
 u - a +0 hat (melded)
Jewellery
 e - a +6 ring of strength (left front leg)
 l - an amulet of regeneration (around neck)
 m - a ring of resist corrosion (right front leg)
 p - a ring of magical power (on tentacle)
 y - a +4 ring of evasion (on tentacle)
 E - an uncursed amulet of magic regeneration
 L - a ring of poison resistance (on tentacle)
Wands
 D - a wand of iceblast (20)
 F - a wand of disintegration (11)
 G - a wand of paralysis (5)
 H - a wand of enslavement (13)
 K - a wand of digging (4)
Scrolls
 a - 9 scrolls of teleportation {unknown}
 b - 2 scrolls of fog {unknown}
 c - 6 scrolls of remove curse
 g - 12 scrolls of identify
 h - 3 scrolls of magic mapping
 k - 5 scrolls of enchant armour {unknown}
 q - 7 scrolls of enchant weapon {unknown}
 r - 3 scrolls of amnesia {unknown}
 v - a scroll of random uselessness {unknown}
 w - a scroll of immolation {unknown}
 x - 2 scrolls of fear {unknown}
 J - 2 scrolls of blinking {unknown}
Potions
 d - 7 potions of mutation
 f - 8 potions of flight {unknown}
 i - 2 potions of heal wounds {unknown}
 j - 6 potions of curing
 n - 2 potions of might {unknown}
 o - 3 potions of degeneration {unknown}
 s - 2 potions of brilliance {unknown}
 t - 4 potions of magic {unknown}
 A - 2 potions of attraction {unknown}
 B - 2 potions of lignification {unknown}
 I - 2 potions of resistance {unknown}


   Skills:
 + Level 5.0 Fighting
 + Level 6.5 Dodging
 + Level 6.6 Stealth
 + Level 11.6 Unarmed Combat
 + Level 7.3 Spellcasting
 + Level 2.0 Hexes
 + Level 2.1 Translocations
 + Level 7.5 Transmutations
 + Level 3.0 Ice Magic
 - Level 5.6 Poison Magic
 + Level 3.4 Evocations


You had 3 spell levels left.
You knew the following spells:

 Your Spells              Type           Power        Failure   Level
a - Beastly Appendage     Tmut           78%          3%          1
b - Spider Form           Tmut/Pois      17%          7%          3
c - Confusing Touch       Hex            16%          26%         3
d - Blade Hands           Tmut           19%          26%         5
e - Blink                 Tloc           N/A          16%         2
f - Olgreb's Toxic Radia  Pois           31%          22%         4
g - Ice Form              Ice/Tmut       29%          24%         4

Your spell library contained the following spells:

 Spells                   Type           Power        Failure   Level
 Sting                    Tmut/Pois      100%         3%          1
 Wereblood                Tmut           39%          3%          2
 Corona                   Hex            17%          12%         1
 Poisonous Vapours        Pois/Air       38%          13%         2
 Ignite Poison            Fire/Tmut/Pois 26%          13%         3
 Ensorcelled Hibernation  Hex/Ice        36%          14%         2
 Slow                     Hex            16%          16%         2
 Animate Skeleton         Necr           14%          22%         1
 Foxfire                  Conj/Fire      28%          22%         1
 Magic Dart               Conj           28%          22%         1
 Pain                     Necr           28%          22%         1
 Tukima's Dance           Hex            16%          26%         3
 Mephitic Cloud           Conj/Pois/Air  15%          28%         3
 Call Imp                 Summ           7%           30%         2
 Dazzling Flash           Conj/Hex       24%          36%         3
 Inner Flame              Hex/Fire       12%          36%         3
 Conjure Flame            Conj/Fire      7%           47%         3
 Vampiric Draining        Necr           3%           47%         3
 Animate Dead             Necr           3%           83%         4
 Sticky Flame             Conj/Fire      7%           83%         4
 Agony                    Necr           7%           98%         5
 Fireball                 Conj/Fire      3%           98%         5


Dungeon Overview and Level Annotations

Branches:
Dungeon (10/15)            Temple (1/1) D:5            Lair (3/6) D:8
    Orc (0/2) D:10          Sewer (visited)
  Swamp: Lair:2-4    Shoals: Lair:2-4     Snake: Lair:2-4    Spider: Lair:2-4

Altars:
Ashenzari
Cheibriados
Dithmenos
Elyvilon
Fedhas
Gozag
Hepliaklqana
Kikubaaqudgha
Makhleb
Nemelex Xobeh
Okawaru
Qazlal
Sif Muna
Trog
Uskayaw
Vehumet
Wu Jian
Xom
Yredelemnul
Zin
The Shining One

Shops:
D:4 ?   D:8 [}   D:9 (?

Annotations:
D:9 3 runed translucent doors, exclusion: door
D:10 exclusion: obsidian statue
Lair:1 exclusion: hydra
Lair:3 exclusion: 2 oklob plants


Innate Abilities, Weirdness & Mutations

You cannot wear most types of armour.
You are very stealthy in the water. (Stealth+)
((You are amphibious.))
You can wear up to eight rings at the same time.
((You can use your tentacles to constrict eight enemies at once.))
((Your skin changes colour to match your surroundings (Stealth+).))
((Your rubbery body absorbs attacks. (AC +1, EV +1)))
You possess an exceptional clarity of mind.
Your mind is acute. (Int +2)
You have an increased reservoir of magic. (+10% MP)


Message History

You hit the catoblepas.
The catoblepas is heavily wounded.
The catoblepas gores you!!
* * * LOW HITPOINT WARNING * * *
Okay, then.
Unknown command.
Casting: Spider Form (dangerous; 7% risk of failure)
Confirm with . or Enter, or press ? or * to list all spells.
You miscast Blink.
You are very lightly contaminated with residual magic.
Nothing appears to happen.
The catoblepas completely misses you.
Casting: Blink (safe; 16% risk of failure)
Confirm with . or Enter, or press ? or * to list all spells.
You blink.
You hit the catoblepas but do no damage.
The catoblepas looks as sick as possible!
The catoblepas is severely wounded.
The catoblepas gores you!!
You die...
Your body crumbles into a pile of gold.

...Y...........
......
.................
......
.................
....Y
.................
......
..............#..
......
.................
.....# #.............
......
###............
...).. ##YYs.........
......
#.#..................
####.................
###.................
#...................
#.#.................
###.................
##...>...........#
#PP....(.........


You could see a catoblepas (extremely poisoned) and an elephant.

Vanquished Creatures
  2 two-headed ogres
  2 elephants (Lair:3)
  A black mamba (Lair:2)
  4 cane toads
  3 komodo dragons
  2 trolls (D:10)
  9 blink frogs
  A wyvern (Lair:2)
  15 yaks
  2 basilisks
  Edmund (D:5)
  6 water moccasins
  2 ice beasts
  2 phantoms
  4 sky beasts
  4 orc warriors
  5 wolves (Lair:3)
  6 ogres
  10 centaurs
  5 big kobolds
  7 bullfrogs
  2 gnoll sergeants (D:10)
  2 scorpions
  3 wights (D:8)
  A howler monkey (D:4)
  2 bullfrog zombies
  A quasit (D:9)
  6 hounds
  2 jellies
  2 bullfrog skeletons
  4 orc priests
  A gnoll shaman (D:8)
  7 orc wizards
  An iguana (D:8)
  4 worker ants
  3 hound skeletons
  13 adders
  18 gnolls
  4 river rats
  A shadow imp (D:7)
  5 white imps
  2 ufetubi
  An adder skeleton (D:5)
  2 dart slugs (D:1)
  9 leopard geckos
  42 orcs
  6 giant cockroaches
  6 goblins
  7 hobgoblins
  12 jackals
  5 quokkas
  2 ball pythons
  9 bats
  A frilled lizard (D:2)
  2 jackal skeletons
  15 kobolds
  A leopard gecko skeleton (D:6)
  7 rats
304 creatures vanquished.

Vanquished Creatures (others)
  8 fungi
  3 plants
11 creatures vanquished.

Grand Total: 315 creatures vanquished

Notes
Turn   | Place    | Note
-------+----------+-------------------------------------------
     0 | D:1      | H0rd4k the Octopode Transmuter began the quest for the Orb.
     0 | D:1      | Reached XP level 1. HP: 13/13 MP: 3/3
   316 | D:1      | Reached XP level 2. HP: 13/18 MP: 5/5
   745 | D:1      | Reached XP level 3. HP: 2/23 MP: 6/6
   745 | D:1      | Gained mutation: You possess an exceptional clarity of
                  | mind. [potion of mutation]
   745 | D:1      | Gained mutation: You have an increased reservoir of magic.
                  | (+10% MP) [potion of mutation]
   745 | D:1      | Gained mutation: Your mind is acute. (Int +2) [potion of
                  | mutation]
  1355 | D:1      | Learned a level 3 spell: Spider Form
  1472 | D:2      | Reached skill level 1 in Stealth
  1808 | D:2      | Reached skill level 4 in Unarmed Combat
  1808 | D:2      | Reached XP level 4. HP: 24/28 MP: 3/7
  2336 | D:2      | Reached XP level 5. HP: 15/33 MP: 3/8
  3294 | D:3      | Reached skill level 1 in Poison Magic
  3406 | D:3      | Reached XP level 6. HP: 26/38 MP: 10/10
  3411 | D:3      | Reached skill level 5 in Unarmed Combat
  3785 | D:4      | Found Mipoguba's Magic Scroll Shoppe.
  3981 | D:4      | Found a glowing silver altar of Zin.
  4527 | D:5      | Entered Level 5 of the Dungeon
  4573 | D:5      | Reached XP level 7. HP: 19/43 MP: 12/12
  4650 | D:5      | Found a hazy altar of Hepliaklqana.
  4681 | D:5      | Found a staircase to the Ecumenical Temple.
  4697 | Temple   | Entered the Ecumenical Temple
  5170 | D:5      | Noticed Edmund
  5243 | D:5      | Found a broken altar of Ashenzari.
  5338 | D:5      | Killed Edmund
  5339 | D:5      | Reached skill level 6 in Unarmed Combat
  5779 | D:5      | Found an ornate altar of the Wu Jian Council.
  6066 | D:6      | Reached XP level 8. HP: 50/50 MP: 14/14
  6102 | D:6      | Found a glowing drain.
  6140 | Sewer    | Entered a sewer
  6265 | Sewer    | HP: 2/50 [poisoned by a kobold]
  6389 | Sewer    | Found a white marble altar of Elyvilon.
  7225 | D:7      | Found an opulent altar of Gozag.
  7242 | D:7      | Became a worshipper of Gozag Ym Sagoz the Greedy
  7539 | D:7      | Reached skill level 7 in Unarmed Combat
  7912 | D:7      | Reached XP level 9. HP: 54/54 MP: 16/16
  8150 | D:7      | Learned a level 3 spell: Confusing Touch
  8160 | D:7      | Learned a level 5 spell: Blade Hands
  8210 | D:8      | Reached skill level 5 in Transmutations
  8501 | D:8      | Reached skill level 5 in Poison Magic
  8676 | D:8      | Found a staircase to the Lair.
  8696 | D:8      | Found Picoq's Armour Shop.
  8826 | D:8      | Reached skill level 8 in Unarmed Combat
  9349 | D:8      | Learned a level 2 spell: Blink
  9543 | D:9      | Noticed a two-headed ogre
  9605 | D:9      | Killed a two-headed ogre
  9606 | D:9      | Reached skill level 9 in Unarmed Combat
  9606 | D:9      | Reached skill level 5 in Spellcasting
  9606 | D:9      | Reached skill level 1 in Hexes
  9606 | D:9      | Reached skill level 1 in Translocations
  9606 | D:9      | Reached XP level 10. HP: 21/61 MP: 19/19
  9718 | D:9      | Found Agafaggod's Magic Scroll Shop.
  9723 | D:9      | Bought a scroll of acquirement for 728 gold pieces
  9723 | D:9      | Bought a scroll of identify for 28 gold pieces
  9723 | D:9      | Acquired 776 gold pieces
  9731 | D:9      | Found Seypre's Antique Weapon Boutique.
  9755 | D:9      | Reached skill level 5 in Dodging
  9897 | D:9      | Found a stormy altar of Qazlal.
  9978 | D:9      | Found a shimmering altar of Xom.
 10296 | D:9      | Reached skill level 5 in Stealth
 10306 | D:9      | Found a runed translucent door.
 10307 | D:9      | Found a runed translucent door.
 10308 | D:9      | Found a runed translucent door.
 10308 | D:9      | Noticed a green ugly thing
 10389 | D:9      | Learned a level 4 spell: Olgreb's Toxic Radiance
 10412 | D:10     | Entered Level 10 of the Dungeon
 10584 | D:10     | Noticed an obsidian statue
 10824 | D:10     | Noticed a two-headed ogre
 10839 | D:10     | Killed a two-headed ogre
 10840 | D:10     | Reached skill level 10 in Unarmed Combat
 11040 | D:10     | Reached XP level 11. HP: 29/65 MP: 21/21
 11224 | D:10     | Found a staircase to the Orcish Mines.
 11613 | Lair:1   | Entered Level 1 of the Lair of Beasts
 11736 | Lair:1   | Learned a level 4 spell: Ice Form
 11765 | Lair:1   | Reached skill level 1 in Evocations
 11846 | Lair:1   | Noticed a five-headed hydra
 12175 | Lair:1   | Reached skill level 1 in Ice Magic
 12181 | Lair:1   | Reached skill level 11 in Unarmed Combat
 12494 | Lair:1   | Noticed a five-headed hydra
 13395 | Lair:2   | Found an ornate altar of the Wu Jian Council.
 13659 | Lair:3   | Reached XP level 12. HP: 76/76 MP: 24/24
 13727 | Lair:3   | Noticed a catoblepas
 13937 | Lair:3   | Reached skill level 5 in Fighting
 14150 | Lair:3   | Mangled by a catoblepas

Illustrated notes

Levels and vault maps discovered:
D:1:      dpeg_arrival_radiant, layout_basic, minmay_domino_4
D:2:      layout_loops_cross, nicolae_overflow_hidden_temple,
          minmay_close_crescents
D:3:      layout_basic, hangedman_abyss_or_decor_lesser_grid
D:4:      layout_basic, lemuel_doored_altar, serial_shops,
          nicolae_shop_waterfront
D:5:      layout_cave_pods, nicolae_overflow_crystal_walls,
          evilmike_ruin_ashenzari, kennysheep_mini_moat,
          minmay_temple_entry_waves, uniq_edmund
D:6:      layout_loops_ring, portal_sewer_entry_a
D:7:      layout_basic, lemuel_crystal_altar, chequers_mini_garden, minmay_holes
D:8:      layout_loops_corners, dpeg_oklobed_lair, serial_shops,
          nicolae_shop_trees, minmay_fractal_squares_gapless_5
D:9:      minmay_the_grid_triangle_9x9_rhombus_full
          [minmay_the_grid_triangle_9x9_fully_insulated_deathbox,
          minmay_the_grid_triangle_9x9_intruding_spiral,
          minmay_the_grid_triangle_9x9_checkered,
          minmay_the_grid_triangle_9x9_from_above,
          minmay_the_grid_triangle_9x9_skeleton,
          minmay_the_grid_triangle_9x9_thin_v,
          minmay_the_grid_triangle_9x9_corruption,
          minmay_the_grid_triangle_9x9_prize_special], layout_basic,
          general_overflow_altar, grunt_qazlal_clouds, serial_shops,
          nicolae_shop_temple_entry_statues_fountains, kennysheep_little_box
D:10:     minmay_separated_statues, layout_loops_ring,
          kennysheep_orc_monster_closet_entryway
Temple:   eino_temple_water
Lair:1:   layout_cave_pods, grunt_megastairs_4, lemuel_fruit_tree
Lair:2:   layout_regular_city, lemuel_centaur_altar
Lair:3:   layout_hall_layers, wad_woods_antlair, minmay_lair_oklob_chamber

Skill      XL: |  1  2  3  4  5  6  7  8  9 10 11 12 |
---------------+-------------------------------------+-----
Stealth        | 1 3 4 5 6 |  6.6
Unarmed Combat | 4 5 6 7 9 10 11 | 11.6
Poison Magic   | 1 2 3 4 5 |  5.6
Transmutations | 3 4 5 6 7 |  7.5
Dodging        | 3 4 5 6 |  6.5
Spellcasting   | 3 4 5 6 7 |  7.3
Fighting       | 2 4 5 |  5.0
Hexes          | 1 2 |  2.0
Translocations | 1 2 |  2.1
Evocations     | 3 |  3.4
Ice Magic      | 2 3 |  3.0

Action                   |  1- 3 |  4- 6 |  7- 9 | 10-12 || total
-------------------------+-------+-------+-------+-------++-------
Melee: Unarmed           |   110 |   141 |   315 |   384 ||   950
       Constrict         |    26 |    18 |    19 |    13 ||    76
       Tentacles         |    13 |    16 |    15 |    16 ||    60
       Punch             |     4 |     6 |     2 |     5 ||    17
       Kick              |       |       |     2 |       ||     2
 Cast: Spider Form       |       |    10 |    30 |    23 ||    63
       Beastly Appendage |       |       |     1 |       ||     1
       Olgreb's Toxic Ra |       |       |       |    10 ||    10
       Ice Form          |       |       |       |    11 ||    11
       Blink             |       |       |       |     1 ||     1
       Blade Hands       |       |       |       |     1 ||     1
Invok: Call Merchant     |       |       |       |     1 ||     1
Evoke: Wand              |       |       |       |     1 ||     1
  Use: Potion            |     2 |       |     1 |     2 ||     5
       Scroll            |       |     2 |     1 |     1 ||     4
 Stab: Sleeping          |     3 |     7 |    11 |     5 ||    26
       Distracted        |       |       |       |     1 ||     1
Armor: Skin              |    20 |     4 |    11 |     4 ||    39
Dodge: Dodged            |    83 |   118 |   257 |   336 ||   794
